 Dungeon Crawl Stone Soup version 0.17.2-1-ge4368a0 (webtiles) character file.

182 Goblin1989 the Chopper (level 5, -5/44 HPs)
             Began as a Hill Orc Gladiator on Dec 20, 2016.
             Was a Follower of Trog.
             Blown up by Ijyb (7 damage)
             ... with a wand of disintegration
             ... on level 3 of the Dungeon.
             The game lasted 00:06:31 (2427 turns).

Goblin1989 the Chopper (Hill Orc Gladiator)         Turns: 2427, Time: 00:06:32

Health: -5/44      AC: 10    Str: 19    XL:     5   Next: 61%
Magic:  5/5        EV:  9    Int: 12    God:    Trog [*.....]
Gold:   165        SH:  0    Dex: 11    Spells: 0 memorised, 4 levels left

rFire  . . .     SeeInvis .     a - +0 war axe
rCold  . . .     Clarity  .     o - +0 chain mail
rNeg   . . .     SustAt   .     (no shield)
rPois  .         Gourm    .     c - +0 helmet
rElec  .         Spirit   .     (no cloak)
rCorr  .         Warding  .     (no gloves)
rMut   .         Stasis   .     i - +0 pair of boots (curse)
MR     .....                    (no amulet)
Stlth  ..........               s - +1 ring of evasion
                                m - +4 ring of intelligence

@: not resistant to hostile enchantments, extremely unstealthy
A: no striking features
a: Berserk, Burn Spellbooks, Renounce Religion


You were on level 3 of the Dungeon.
You worshipped Trog.
Trog was aware of your devotion.
You were not hungry.

You visited 1 branch of the dungeon, and saw 3 of its levels.

You collected 165 gold pieces.

Inventory:

Hand Weapons
 a - a +0 war axe (weapon)
Missiles
 Z - 3 throwing nets {=f, !d}
Armour
 c - a +0 helmet (worn)
 i - a cursed +0 pair of boots (worn)
 o - a +0 chain mail (worn)
Jewellery
 m - a +4 ring of intelligence (left hand)
 s - a +1 ring of evasion (right hand)
Scrolls
 f - 2 scrolls of remove curse {unknown}
 g - 5 scrolls of identify {unknown}
 v - a scroll of enchant armour {unknown}
Potions
 b - a potion of magic {unknown}
 d - a potion of flight {unknown}
 h - a potion of agility {unknown}
 k - 2 potions of haste {unknown}
 l - a potion of mutation {unknown}
 n - a potion of lignification {unknown}
 p - a potion of brilliance {unknown}
 r - a potion of curing {unknown}
 t - a potion of ambrosia {unknown}
 u - a potion of heal wounds {unknown}
 x - a potion of resistance {unknown}
Comestibles
 e - 2 bread rations {@e1}
 j - a meat ration {@e2}
 q - a slice of pizza


   Skills:
 + Level 2.9 Fighting
 * Level 7.3 Axes
 - Level 1.7 Throwing
 + Level 0.9 Armour
 + Level 2.7 Dodging


You had 4 spell levels left.
You didn't know any spells.

Dungeon Overview and Level Annotations

Branches:
Dungeon (3/15)

Altars:
Trog
The Shining One

Annotations:
D:3 Ijyb


Message History

You are too injured to fight recklessly!
You are too injured to fight recklessly!
You are too injured to fight recklessly!
You are too injured to fight recklessly!
You are too injured to fight recklessly!
You are too injured to fight recklessly!
You are too injured to fight recklessly!
You are too injured to fight recklessly!
You are too injured to fight recklessly!
Unknown command.
You are too injured to fight recklessly!
You are too injured to fight recklessly!
You are too injured to fight recklessly!
You are too injured to fight recklessly!
Unknown command.
Ijyb zaps a wand.
You are blasted!
* * * LOW HITPOINT WARNING * * *
You take 7 damage, and have 2/44 hp.
Ijyb zaps a wand.
You are blasted!
You die... █........█ █.█. ████....██ █.█. █....██▲█████ █... █............ ████

█............
█
█............
█
█............
█
█.███........
█ █@█
......... █.█
......... █
█.█ .........
█████.███.█
.......
..%!..g.g.█
....
█████..████
..... .......
...≈.≈≈


You could see Ijyb.

Vanquished Creatures
  An orc priest (D:3)
  Terence (D:2)
  4 gnolls (D:2)
  4 adders (D:2)
  An ooze (D:2)
  2 worms
  The ghost of dscm the Insei, a weakling OpTm (D:3)
  3 orcs (D:3)
  4 bats
  2 giant cockroaches
  6 goblins
  6 hobgoblins
  7 kobolds
  2 ball pythons
  A giant gecko (D:1)
  3 giant newts
  2 rats (D:1)
50 creatures vanquished.

Notes
Turn   | Place    | Note
--------------------------------------------------------------
     0 | D:1      | Goblin1989 the Hill Orc Gladiator began the quest for the Orb.
     0 | D:1      | Reached XP level 1. HP: 18/18 MP: 1/1
   240 | D:1      | Reached XP level 2. HP: 15/25 MP: 2/2
   711 | D:1      | Reached skill level 5 in Axes
  1228 | D:2      | Found a bloodstained altar of Trog.
  1233 | D:2      | Became a worshipper of Trog the Wrathful
  1249 | D:2      | Reached XP level 3. HP: 27/30 MP: 3/3
  1361 | D:2      | Reached skill level 6 in Axes
  1378 | D:2      | Reached XP level 4. HP: 14/37 MP: 4/4
  1738 | D:2      | Reached skill level 7 in Axes
  1771 | D:2      | Reached * piety under Trog
  1798 | D:2      | Noticed Terence
  1807 | D:2      | Killed Terence
  1807 | D:2      | Reached XP level 5. HP: 42/42 MP: 5/5
  2084 | D:3      | Noticed dscm's ghost (weakling OpTm)
  2087 | D:3      | Killed dscm's ghost
  2297 | D:3      | Found a glowing golden altar of the Shining One.
  2419 | D:3      | Noticed Ijyb
  2424 | D:3      | HP: 2/44 [disintegration (7)]
  2427 | D:3      | Blown up by Ijyb

Action                   |  1- 3 |  4- 6 || total
-------------------------+-------+-------++-------
Melee: War axe           |    75 |   102 ||   177
  Eat: Chunk             |     1 |     4 ||     5

Vault maps used:
D:1:      minmay_arrival_wavy_path
D:2:      bloody_trog, minmay_cut_off, uniq_terence
D:3:      minmay_goblin_kobold_castle, tso_metal_star, uniq_crazy_yiuf_cottage,
          uniq_iyjb
